 Dungeon Crawl Stone Soup version 0.18.1-50-g88ac8fd (webtiles) character file.

200 Gianozzolo the Changer (level 5, -2/44 HPs)
             Began as a Naga Transmuter on Nov 13, 2017.
             Succumbed to an orc's poison
             ... on level 3 of the Dungeon.
             The game lasted 00:05:15 (2092 turns).

Gianozzolo the Changer (Naga Transmuter)            Turns: 2092, Time: 00:05:16

Health: -2/44      AC:  2    Str: 13    XL:     5   Next: 79%
Magic:  6/8        EV: 19    Int: 14    God:
Gold:   172        SH:  0    Dex: 16    Spells: 2 memorised, 4 levels left

rFire  . . .     SeeInvis +       - Unarmed
rCold  . . .     Gourm    .     (armour currently unavailable)
rNeg   . . .     Faith    .     (shield currently unavailable)
rPois  x         Spirit   .     (helmet currently unavailable)
rElec  .         Dismiss  .     (cloak currently unavailable)
rCorr  .         Reflect  .     (gloves currently unavailable)
SustAt .         Harm     .     (no barding)
MR     .....                    (no amulet)
Stlth  +.........               (no ring)
                                (no ring)

@: lethally poisoned (-2 -> -30), spider-form (expiring), not resistant to
hostile enchantments, very unstealthy
A: see invisible, (deformed body), (poison resistance), (slowness 0), slow
metabolism 1, spit poison 2, AC +1
a: Spit Poison, End Transformation


You were on level 3 of the Dungeon.
You were not hungry.
You were a venomous arachnid creature.
You visited 1 branch of the dungeon, and saw 3 of its levels.

You collected 172 gold pieces.

Inventory:

Armour
 b - a +0 robe (melded)
 g - a +0 pair of gloves (melded)
Wands
 l - a wand of lightning (7/15)
Scrolls
 a - 4 scrolls of identify {unknown}
 e - a scroll of magic mapping {unknown}
 f - a scroll of recharging {unknown}
 h - a scroll of remove curse {unknown}
 i - a scroll of fear {unknown}
 j - a scroll of enchant armour {unknown}
 k - a scroll of enchant weapon {unknown}
Books
 c - a book of Changes

   Spells                             Type                      Level
   a - Beastly Appendage              Transmutation                1
   b - Sticks to Snakes               Transmutation                2
   c - Spider Form                    Transmutation/Poison         3
   d - Ice Form                       Ice/Transmutation            4
   e - Blade Hands                    Transmutation                5
Comestibles
 d - 6 bread rations
 m - a chunk of flesh


   Skills:
 - Level 1.0 Fighting
 - Level 1.5 Dodging
 + Level 4.3 Unarmed Combat
 - Level 2.0 Spellcasting
 * Level 4.4 Transmutations
 + Level 2.2 Poison Magic


You had 4 spell levels left.
You knew the following spells:

 Your Spells              Type           Power        Failure   Level  Hunger
a - Beastly Appendage     Trmt           ##....       14%         1    ##.....
b - Spider Form           Trmt/Pois      ##........   41%         3    ####...


Dungeon Overview and Level Annotations

Branches:
Dungeon (3/15)

Altars:


Innate Abilities, Weirdness & Mutations

You cannot wear boots.
((Your serpentine skin is tough (AC +1).))
You have supernaturally acute eyesight.
((Armour fits poorly on your strangely shaped body.))
((Your system is resistant to poisons.))
((You cover ground very slowly.))
You have a slow metabolism.
You can spit poison.


Message History

* * * LOW HITPOINT WARNING * * *
You feel sick. The jackal closely misses you.
You are too injured to fight recklessly!
You are too injured to fight recklessly!
You are too injured to fight recklessly!
You are too injured to fight recklessly!
You are too injured to fight recklessly!
You hit the jackal.
The jackal looks even sicker.
The jackal is heavily wounded.
* * * LOW HITPOINT WARNING * * *
You feel very sick. The jackal bites you.
* * * LOW HITPOINT WARNING * * *
* * * LOW HITPOINT WARNING * * *
You feel very sick.
You kill the jackal!
Your transformation is almost over.
* * * LOW HITPOINT WARNING * * *
You feel sick.
You die...

#. #....... #.#
##.###.. #.# ... ###
#.# #. # #.#
#####.##### .
#.........######....
#....^......o)oo..#
#....<...s#####.....
#####.##### ### #.#
#.# ### #.# #.. #.#
#.# ##.# #.#
###).####.#
##..>...##.#


You could see an orc priest and 2 orcs.

Vanquished Creatures
  An orc priest (D:3)
  2 orc wizards (D:3)
  4 adders
  2 oozes (D:1)
  A worm (D:2)
  3 dart slugs
  2 giant geckos
  3 orcs (D:3)
  A ball python (D:1)
  7 bats
  3 giant cockroaches
  5 hobgoblins
  7 jackals
  A quokka (D:3)
  3 giant newts
  9 goblins
  4 kobolds
  4 rats
  A fungus (D:2)
63 creatures vanquished.

Notes
Turn   | Place    | Note
--------------------------------------------------------------
     0 | D:1      | Gianozzolo the Naga Transmuter began the quest for the Orb.
     0 | D:1      | Reached XP level 1. HP: 18/18 MP: 3/3
   105 | D:1      | Reached XP level 2. HP: 14/25 MP: 3/5
   123 | D:1      | HP: 1/25 [ooze (2)]
   481 | D:1      | Reached XP level 3. HP: 24/31 MP: 4/6
   531 | D:1      | Learned a level 3 spell: Spider Form
  1381 | D:2      | Reached skill level 1 in Poison Magic
  1381 | D:2      | Reached XP level 4. HP: 26/38 MP: 7/7
  1827 | D:3      | HP: 1/38 [orc wizard/dagger (1)]
  1834 | D:3      | Reached XP level 5. HP: 43/44 MP: 8/8
  2091 | D:3      | HP: 1/44 [poisoned by an orc]
  2092 | D:3      | Succumbed to an orc's poison

Skill      XL: |  1  2  3  4  5 |
---------------+----------------+-----
Transmutations | 3 4 |  4.4
Poison Magic   | 1 2 |  2.2
Unarmed Combat | 4 |  4.3
Fighting       | |  1.0
Dodging        | |  1.5
Spellcasting   | |  2.0

Action                   |  1- 3 |  4- 6 || total
-------------------------+-------+-------++-------
Melee: Unarmed           |   127 |    88 ||   215
       Headbutt          |     8 |     3 ||    11
 Cast: Beastly Appendage |    18 |     4 ||    22
       Spider Form       |       |     5 ||     5
 Abil: Spit Poison       |     8 |     3 ||    11
  Use: Potion            |       |     4 ||     4
  Eat: Chunk             |     2 |     3 ||     5
Armor: Robe              |    16 |    18 ||    34
       Skin              |       |    13 ||    13
Dodge: Dodged            |    67 |    54 ||   121
